 Dungeon Crawl Stone Soup version 0.26-a0-1205-g4083c211ab (webtiles) character file.

Game seed: 12677431168223065810

543914 uibert the Ruinous (level 25, -3/230 HPs)
             Began as a Demonspawn Conjurer on Dec 27, 2020.
             Was the Champion of Sif Muna.
             Killed from afar by a frost giant (11 damage)
             ... with a bolt of cold
             ... on level 5 of the Vaults on Dec 29, 2020.
             The game lasted 08:23:16 (66208 turns).

uibert the Ruinous (Demonspawn Conjurer)           Turns: 66208, Time: 08:23:18

Health: -3/230     AC: 24    Str: 16    XL:     25   Next: 34%
Magic:  0/44       EV: 14    Int: 28    God:    Sif Muna [******]
Gold:   3368       SH:  5    Dex: 15    Spells: 8/58 levels left

rFire    + . .     SeeInvis +   t - +0 staff of Battle
rCold    + + .     Faith    .   C - +0 buckler
rNeg     . . .     Spirit   +   E - +2 robe of Vines {NoPotionHeal Regen+7}
rPois    +         Reflect  .   s - +2 hat
rElec    .         Harm     .   h - +2 cloak
rCorr    .         Rampage  .   f - +2 pair of gloves
Will     ++...     Clarity  +   (boots unavailable)
Stlth    ++........             W - amulet of Zixo {RegenMP *Contam rPois Will+ Str+4}
HPRegen  3.28/turn              T - ring of wizardry
MPRegen  0.83/turn              K - ring of No Interval {+Fly rPois rC++ Int+2 SInv}

@: sanguine armour, constricted
A: fangs 1, hooves 3, agile 1, clarity, fire resistance 1, ignite blood, poison
resistance, robust 2, magic shield, magic regeneration, magic link, flame cloud
immunity, sanguine armour 3
}: 2/15 runes: serpentine, barnacled
a: Renounce Religion, Evoke Flight, Channel Magic, Forget Spell, Divine Exegesis


You were on level 5 of the Vaults.
You worshipped Sif Muna.
Sif Muna was exalted by your worship.
You visited 10 branches of the dungeon, and saw 46 of its levels.
You visited 1 bazaar.
You also visited: Bailey and Ice Cave.

You collected 6647 gold pieces.
You spent 3279 gold pieces at shops.

Inventory:

Hand Weapons
 t - the +0 staff of Battle (weapon)
   (You took it off an orc on level 12 of the Dungeon)
Armour
 f - a +2 pair of gloves (worn)
 h - a +2 cloak (worn)
 p - a +2 robe of the Archmagi
 s - a +2 hat (worn)
 C - a +0 buckler (worn)
 E - the +2 robe of Vines (worn) {NoPotionHeal Regen+7}
   (You found it on level 13 of the Dungeon)

   It increases your rate of regeneration.
Jewellery
 a - an uncursed amulet of reflection
 g - the ring of Shadows {Umbra +Inv Stlth+}
   (You took it off a boggart on level 4 of the Depths)

   [ring of stealth]

   It lets you turn invisible.
   It makes you more stealthy.
 k - an uncursed ring of willpower
 y - an uncursed amulet of magic regeneration
 K - the ring of No Interval (right hand) {+Fly rPois rC++ Int+2 SInv}
   (You bought it in a shop on level 4 of the Dungeon)

   [ring of flight]

   It affects your intelligence (+2).
   It greatly protects you from cold.
   It protects you from poison.
   It lets you see invisible.
   It lets you fly.
 O - the amulet of the Bull {Reflect Str+5 Int+3 SH+5}
   (You found it on level 4 of the Shoals)

   [amulet of reflection]

   It shields you and reflects attacks.
   It affects your strength (+5).
   It affects your intelligence (+3).
   It affects your SH (+5).
 T - a ring of wizardry (left hand)
 W - the amulet of Zixo (around neck) {RegenMP *Contam rPois Will+ Str+4}
   (You took it off a frost giant on level 2 of the Depths)

   [amulet of magic regeneration]

   It increases your magic regeneration.
   It affects your strength (+4).
   It protects you from poison.
   It affects your willpower, your defense against some magical effects.
   It causes magical contamination when unequipped.
Wands
 m - a wand of flame (113)
 B - a wand of disintegration (49)
 D - a wand of iceblast (63)
 F - a wand of polymorph (65)
 I - a wand of enslavement (37)
 M - a wand of digging (33)
 Q - a wand of acid (3)
 S - a wand of paralysis (14)
Scrolls
 b - 23 scrolls of teleportation
 c - 3 scrolls of fog
 d - 24 scrolls of remove curse
 e - a scroll of amnesia
 i - 2 scrolls of fear
 n - 3 scrolls of blinking
 z - 10 scrolls of magic mapping
 R - 4 scrolls of holy word
 Y - 2 scrolls of summoning
 Z - 9 scrolls of identify
Potions
 l - 11 potions of haste
 o - 10 potions of heal wounds
 r - 16 potions of curing
 v - 7 potions of brilliance
 w - 7 potions of flight
 A - 3 potions of invisibility
 G - 7 potions of might
 L - 2 potions of resistance
 N - 5 potions of magic
 P - 2 potions of cancellation
 U - 7 potions of ambrosia
 V - 4 potions of berserk rage


   Skills:
 * Level 14.3 Fighting
 - Level 1.4(2.1) Maces & Flails
 - Level 2.2(2.4) Staves
 - Level 5.0 Armour
 - Level 8.0 Dodging
 - Level 1.7 Stealth
 - Level 4.0 Shields
 * Level 17.3 Spellcasting
 * Level 22.5 Conjurations
 - Level 6.0 Hexes
 - Level 5.0 Summonings
 * Level 19.7 Earth Magic
 + Level 18.7 Invocations
 - Level 10.0 Evocations


You had 8 spell levels left.
You knew the following spells:

 Your Spells              Type           Power        Failure   Level
a - Magic Dart            Conj           100%         0%          1
b - Lehudib's Crystal Sp  Conj/Erth      59%          1%          8
c - Iskenderun's Mystic   Conj/Tloc      92%          1%          4
d - Iskenderun's Battles  Conj           100%         0%          5
e - Fulminant Prism       Conj/Hex       51%          1%          4
f - Bolt of Magma         Conj/Fire/Erth 50%          1%          5
g - Apportation           Tloc           48%          1%          1
h - Orb of Destruction    Conj           61%          1%          7
i - Ensorcelled Hibernat  Hex/Ice        82%          1%          2
j - Iron Shot             Conj/Erth      59%          1%          6
k - Spellforged Servitor  Conj/Summ      50%          2%          7

Your spell library contained the following spells:

 Spells                   Type           Power        Failure   Level
 Foxfire                  Conj/Fire      100%         0%          1
 Sandblast                Erth           100%         0%          1
 Shock                    Conj/Air       100%         0%          1
 Searing Ray              Conj           100%         0%          2
 Dazzling Flash           Conj/Hex       100%         0%          3
 Stone Arrow              Conj/Erth      100%         0%          3
 Lee's Rapid Deconstruct  Erth           47%          0%          5
 Animate Skeleton         Necr           48%          1%          1
 Beastly Appendage        Tmut           48%          1%          1
 Corona                   Hex            61%          1%          1
 Freeze                   Ice            96%          1%          1
 Pain                     Necr           96%          1%          1
 Sting                    Tmut/Pois      96%          1%          1
 Summon Small Mammal      Summ           100%         1%          1
 Blink                    Tloc           N/A          1%          2
 Call Imp                 Summ           51%          1%          2
 Corpse Rot               Necr/Air       N/A          1%          2
 Passwall                 Tmut/Erth      56%          1%          2
 Poisonous Vapours        Pois/Air       48%          1%          2
 Slow                     Hex            55%          1%          2
 Sublimation of Blood     Necr           12%          1%          2
 Swiftness                Air            24%          1%          2
 Wereblood                Tmut           24%          1%          2
 Call Canine Familiar     Summ           51%          1%          3
 Confusing Touch          Hex            55%          1%          3
 Conjure Flame            Conj/Fire      92%          1%          3
 Inner Flame              Hex/Fire       41%          1%          3
 Mephitic Cloud           Conj/Pois/Air  79%          1%          3
 Portal Projectile        Hex/Tloc       82%          1%          3
 Static Discharge         Conj/Air       92%          1%          3
 Summon Guardian Golem    Hex/Summ       53%          1%          3
 Tukima's Dance           Hex            55%          1%          3
 Cause Fear               Hex            27%          1%          4
 Hailstorm                Conj/Ice       92%          1%          4
 Leda's Liquefaction      Hex/Erth       38%          1%          4
 Petrify                  Tmut/Erth      68%          1%          4
 Sticky Flame             Conj/Fire      92%          1%          4
 Borgnjor's Vile Clutch   Necr/Erth      34%          1%          5
 Fireball                 Conj/Fire      46%          1%          5
 Irradiate                Conj/Tmut      46%          1%          5
 Lightning Bolt           Conj/Air       46%          1%          5
 Conjure Ball Lightning   Conj/Air       46%          1%          6
 Starburst                Conj/Fire      46%          1%          6
 Statue Form              Tmut/Erth      45%          1%          6
 Frozen Ramparts          Ice            48%          2%          3
 Gell's Gravitas          Tloc           12%          2%          3
 Ignite Poison            Fire/Tmut/Pois 24%          2%          3
 Lesser Beckoning         Tloc           12%          2%          3
 Ozocubu's Armour         Ice            24%          2%          3
 Spider Form              Tmut/Pois      12%          2%          3
 Teleport Other           Tloc           24%          2%          3
 Vampiric Draining        Necr           12%          2%          3
 Summon Ice Beast         Ice/Summ       38%          2%          4
 Summon Lightning Spire   Summ/Air       38%          2%          4
 Summon Demon             Summ           25%          2%          5
 Summon Mana Viper        Hex/Summ       53%          2%          5
 Freezing Cloud           Conj/Ice/Air   39%          5%          6
 Metabolic Englaciation   Hex/Ice        20%          6%          5
 Silence                  Hex/Air        20%          6%          5
 Yara's Violent Unravell  Hex/Tmut       20%          6%          5
 Airstrike                Air            12%          8%          4
 Animate Dead             Necr           12%          8%          4
 Dispel Undead            Necr           24%          8%          4
 Ice Form                 Ice/Tmut       24%          8%          4
 Olgreb's Toxic Radiance  Pois           24%          8%          4
 Passage of Golubria      Tloc           N/A          8%          4
 Summon Forest            Summ/Tloc      19%          8%          5
 Invisibility             Hex            55%          10%         6
 Shadow Creatures         Summ           N/A          16%         6
 Agony                    Necr           24%          21%         5
 Alistair's Intoxication  Tmut/Pois      16%          21%         5
 Blade Hands              Tmut           12%          21%         5
 Excruciating Wounds      Necr           12%          21%         5
 Chain Lightning          Conj/Air       46%          43%         8
 Monstrous Menagerie      Summ           25%          58%         7
 Summon Greater Demon     Summ           25%          58%         7
 Summon Hydra             Summ           25%          58%         7
 Death Channel            Necr           12%          71%         6
 Dispersal                Tloc           12%          71%         6
 Eringya's Noxious Bog    Tmut/Pois      12%          71%         6
 Hydra Form               Tmut           12%          71%         6
 Haunt                    Necr/Summ      19%          89%         7
 Malign Gateway           Summ/Tloc      19%          89%         7
 Discord                  Hex            27%          98%         8
 Dragon Form              Tmut           12%          99%         7
 Summon Horrible Things   Summ           25%          99%         8
 Borgnjor's Revivificati  Necr           12%          100%        8
 Disjunction              Tloc           12%          100%        8
 Ignition                 Fire           12%          100%        8
 Necromutation            Tmut/Necr      12%          100%        8
 Shatter                  Erth           47%          24%         9
 Fire Storm               Conj/Fire      46%          99%         9
 Absolute Zero            Ice            12%          100%        9
 Death's Door             Necr           12%          100%        9
 Dragon's Call            Summ           25%          100%        9
 Tornado                  Air            12%          100%        9


Dungeon Overview and Level Annotations

Branches:
Dungeon (15/15)            Temple (1/1) D:6            Lair (6/6) D:11
 Shoals (4/4) Lair:3        Snake (4/4) Lair:3        Slime (1/5) Lair:6
    Orc (2/2) D:12            Elf (3/3) Orc:2        Vaults (5/5) D:13
  Crypt (0/3) Vaults:2     Depths (5/5) D:15            Zot (0/5) Depths:5
 Bailey (visited)           IceCv (visited)

Altars:
Ashenzari
Cheibriados
Dithmenos
Elyvilon
Fedhas
Gozag
Hepliaklqana
Kikubaaqudgha
Makhleb
Nemelex Xobeh
Okawaru
Qazlal
Ru
Sif Muna
Trog
Uskayaw
Vehumet
Wu Jian
Xom
Yredelemnul
Zin
The Shining One
Beogh
Jiyva

Shops:
D:4 [([=*   D:9 }   D:10 *((:   D:12 *   Orc:2 ?*!   Snake:1 :   Vaults:1 (
Vaults:3 [   Vaults:4 =   Depths:4 *

Portals:
Hell: Depths:1 Depths:2 Depths:3 Depths:4 Depths:5
Abyss: Depths:4
Pandemonium: Depths:2 Depths:3
Ziggurat: Depths:2
Trove: D:13 (give +5 ice dragon scales)

Annotations:
D:4 2 runed translucent doors, Demosthentine's ghost, novice FoFi
D:6 3 runed translucent doors, Clumpoid's ghost, novice VSFi
D:7 2 transporters, bronco's ghost, novice TeFE
D:9 3 runed translucent doors, elmdor's ghost, novice MiWz
D:11 1 runed translucent door, gaul's ghost, journeyman DrIE
D:14 exclusion: 4 oklob plants
Snake:2 2 transporters, Gourul's ghost, journeyman BaIE
Depths:1 3 runed translucent doors
Depths:3 3 runed translucent doors


Innate Abilities, Weirdness & Mutations

You have hooves in place of feet.
Your flesh is heat resistant. (rF+)
Your demonic aura causes spilled blood to erupt in flames.
You are very robust. (+20% HP)
When hurt, damage is shared between your health and your magic reserves.
You regenerate magic rapidly.
When low on magic, you restore magic in place of health.
You are immune to clouds of flame.
When seriously injured, your bleeding wounds create very thick armour. (AC +12)
You have very sharp teeth.
You are agile. (Dex +2)
You possess an exceptional clarity of mind.
Your system is resistant to poisons. (rPois)


Message History

The storm dragon looks frightened!
The stone giant looks frightened!
The vault sentinel looks frightened! x2
The green very ugly thing looks frightened!
The shadow wraith is unaffected.
The battlesphere is engulfed in blazing flames.
The deep elf high priest hits your battlesphere with a +0 short sword.
The tengu reaver hits your battlesphere with a +5 vampiric battleaxe!!!
Your battlesphere is destroyed!
The tengu reaver hits you with a +5 vampiric battleaxe!
* * * LOW HITPOINT WARNING * * *
The stone giant is engulfed in blazing flames.
A green very ugly thing comes into view.
The tentacled monstrosity is engulfed in blazing flames.
You block the tentacled monstrosity's attack. x3
* * * LOW HITPOINT WARNING * * *
The tentacled monstrosity constricts you.
The golden dragon is engulfed in blazing flames.
The frost giant points at you and mumbles some strange words.
The bolt of cold hits you! You resist.
You die...

##..#....# ..
#...#....#..$.
....#....#...
............
#####[......)####
.......[[)[)*....
......°C°We○[(...
.....(°p°§QD.....
.....p))C@§☼..)..
#####[°.X§☼..####
#..CD..)...u..
#W.#....#.##.u
..###(...#.# ( ..
#....# . .#
#....# $ #...p#
?#


You could see a tentacled monstrosity, a golden dragon, a storm dragon (fleeing,
catching breath), a frost giant, 2 very ugly things, a fire giant, a stone giant
(fleeing), a tengu reaver (strong, fleeing), a vault guard (fleeing), a shadow
wraith (invisible), 2 vault sentinels, a deep elf high priest, a phantasmal
warrior and a battlesphere.

Vanquished Creatures
  An ancient lich (Vaults:5)
  Frederick (Depths:5)
  Vashnia (Snake:3)
  Saint Roka (Elf:3)
  Jory (Depths:3)
  A golden dragon (Depths:2)
  A Tzitzimitl (Depths:5)
  A lich (Depths:2)
  2 tentacled monstrosities (Vaults:5)
  Asterion (Vaults:2)
  2 deep elf blademasters (Elf:3)
  2 deep elf master archers (Elf:3)
  Polyphemus (Shoals:4)
  A sphinx (Vaults:4)
  Kirke (Lair:4)
  Frances (Elf:1)
  A storm dragon (Depths:5)
  4 tengu reavers
  Donald (Shoals:3)
  3 shadow dragons
  Roxanne (Elf:2)
  8 frost giants
  10 nagarajas (Snake:4)
  7 fire giants
  Aizul (Elf:3)
  8 deep elf sorcerers
  5 vault wardens
  An iron dragon (Depths:4)
  A juggernaut zombie (Depths:3)
  A draconian shifter (Depths:5)
  2 orc warlords
  2 deep elf elementalists (Elf:3)
  A spriggan defender (Depths:4)
  A caustic shrike zombie (Depths:1)
  14 stone giants
  12 ironheart preservers
  29 very ugly things
  6 vampire knights
  A yellow draconian (Depths:5)
  7 deep elf demonologists
  4 deep elf annihilators
  2 entropy weavers
  A black draconian (Depths:5)
  4 spark wasps (Depths:3)
  8 ettins
  8 deep elf death magi
  6 jiangshi
  18 fire dragons
  2 deep elf high priests (Elf:3)
  5 merfolk javelineers
  6 great orbs of eyes
  14 merfolk impalers
  12 yaktaur captains
  10 boulder beetles
  6 rakshasas
  10 ice dragons
  28 vault guards
  4 hydras
  20 naga warriors
  13 centaur warriors
  4 spriggan air magi
  2 merfolk avatars (Shoals:4)
  2 alligator snapping turtles
  3 catoblepae
  7 ogre magi
  7 anacondas
  26 dancing weapons
  A nameless horror (Depths:4)
  4 merfolk aquamancers
  6 death knights
  19 death yaks
  7 deep troll earth magi
  18 two-headed ogres
  8 deep troll shamans
  3 tengu warriors
  2 satyrs
  8 vampire magi
  29 naga sharpshooters
  4 hell knights (Depths:5)
  2 sun demons (Depths:2)
  A storm dragon zombie (Vaults:3)
  Nergalle (Lair:2)
  6 shock serpents
  21 deep elf knights
  6 shadow wraiths
  A small abomination (Elf:3)
  A titan skeleton (Depths:3)
  6 skeletal warriors
  3 unseen horrors
  A glowing orange brain (Vaults:5)
  35 deep trolls
  An unseen horror (shapeshifter) (Depths:1)
  4 iron trolls
  3 salamander mystics
  19 sea snakes
  An orange crystal statue (Vaults:2)
  17 deep elf archers
  A glowing orange brain (shapeshifter) (Depths:3)
  3 shadow demons (Depths:4)
  7 phantasmal warriors
  5 flayed ghosts
  5 wizards
  17 ironbrand convokers
  28 harpies
  2 tengu zombies
  Pikel (D:6)
  2 lindwurms
  7 necromancers
  A wolf spider (shapeshifter) (Vaults:3)
  9 naga ritualists
  A harpy (shapeshifter) (Vaults:2)
  66 deep elf magi
  4 fire giant zombies
  A shadow dragon skeleton (Vaults:4)
  25 orc knights
  5 mana vipers
  23 ugly things
  2 tengu skeletons
  8 fauns
  An oklob plant (Lair:5)
  10 orc sorcerers
  2 wolf spiders
  A stone giant zombie (Depths:1)
  8 cyclopes
  A manticore (shapeshifter) (Vaults:5)
  14 manticores
  4 frost giant zombies (Depths:3)
  24 black mambas
  14 salamanders
  4 guardian serpents (Snake:4)
  Joseph (D:8)
  7 vault sentinels
  7 elephants
  A guardian serpent (shapeshifter) (Depths:2)
  A water nymph (shapeshifter) (Depths:4)
  5 ice statues (IceCv)
  A black mamba (shapeshifter) (D:15)
  5 merfolk sirens
  6 water nymphs
  Maurice (D:12)
  16 naga magi
  5 torpor snails (Lair:6)
  Psyche (D:9)
  11 cane toads
  4 spectral swamp worms (Depths:4)
  2 gargoyles (D:14)
  An elf zombie (Depths:3)
  9 komodo dragons
  5 rime drakes
  9 freezing wraiths
  2 kobold demonologists
  64 yaktaurs
  An anaconda simulacrum (IceCv)
  A spriggan skeleton (Depths:1)
  A yaktaur skeleton (Vaults:2)
  A queen bee (D:14)
  6 meliai
  A tengu conjurer (Depths:2)
  10 trolls
  4 tyrant leeches (Lair:6)
  38 merfolk
  2 queen bees (shapeshifter)
  4 wind drakes (Shoals:4)
  5 polar bears
  A raiju (shapeshifter) (Vaults:1)
  8 dream sheep
  14 hornets
  A jumping spider (Vaults:3)
  11 snapping turtles
  A hornet (shapeshifter) (Depths:2)
  14 blink frogs
  A harpy skeleton (D:14)
  A frost giant simulacrum (Vaults:2)
  19 flying skulls (Depths:3)
  2 spriggans (Depths:2)
  21 slime creatures
  An ettin skeleton (Vaults:2)
  2 redbacks (Vaults:4)
  2 vampires
  5 shadows (Depths:4)
  10 wraiths
  6 hogs (Lair:4)
  A tarantella (Vaults:4)
  14 water elementals
  9 wyverns
  2 fire elementals
  A hog (shapeshifter) (Vaults:2)
  55 yaks
  Eustachio (D:6)
  A human (shapeshifter) (Vaults:4)
  8 basilisks
  A basilisk (shapeshifter) (Vaults:2)
  2 vampire mosquitoes (D:10)
  2 steam dragons
  Menkaure (D:6)
  3 harpy simulacra (IceCv)
  85 nagas
  8 wargs
  An iron troll simulacrum (IceCv)
  2 hydra simulacra (IceCv)
  A soldier ant (shapeshifter) (Vaults:3)
  2 hell hounds (Lair:2)
  2 acid dragons (D:14)
  10 water moccasins
  A black bear (shapeshifter) (Vaults:3)
  50 orc warriors
  12 ice beasts
  3 sky beasts
  2 ettin simulacra (IceCv)
  A hornet zombie (D:14)
  4 necrophages
  2 eyes of draining
  19 wolves
  5 black bears
  22 ogres
  2 lemures (D:6)
  18 centaurs
  15 boggarts
  2 human zombies (Vaults:4)
  16 big kobolds
  16 bullfrogs
  Blork the orc (D:4)
  An earth elemental (Elf:2)
  2 wyvern zombies (D:14)
  A deep troll simulacrum (Vaults:2)
  A water moccasin zombie (D:11)
  A wyvern skeleton (D:8)
  7 scorpions
  41 killer bees
  3 electric eels
  7 howler monkeys
  6 centaur zombies
  A lava snake (D:7)
  A human simulacrum (Vaults:3)
  6 hounds
  2 bullfrog zombies
  A hound (shapeshifter) (Vaults:3)
  26 orc priests
  3 centaur skeletons
  5 jellies
  42 orc wizards
  5 bullfrog skeletons
  Jessica (D:5)
  8 worker ants
  3 iguanas
  2 hound skeletons
  A mummy (D:8)
  2 worker ant zombies
  29 gnolls
  15 adders
  5 white imps
  3 oozes
  An ufetubus (D:9)
  An adder zombie (D:8)
  2 adder skeletons
  2 worms
  2 dart slugs
  9 leopard geckos
  143 orcs
  2 ball pythons
  6 giant cockroaches
  33 goblins
  18 hobgoblins
  15 jackals
  9 quokkas
  10 bats
  6 frilled lizards
  13 kobolds
  A leopard gecko skeleton (D:9)
  A quokka skeleton (D:4)
  3 rats
  2 crawling corpses (Elf:3)
  14 fulminant prisms
2207 creatures vanquished.

Vanquished Creatures (collateral kills)
  A golden dragon (Depths:5)
  A lich (Depths:3)
  A shadow dragon (Depths:4)
  2 tengu reavers
  A fire giant (Depths:4)
  A draconian monk (Depths:5)
  A frost giant (Depths:3)
  A balrug (Depths:2)
  An ironheart preserver (Vaults:4)
  A stone giant (Vaults:4)
  2 very ugly things (Depths:2)
  A yellow draconian (Depths:5)
  2 ettins
  A crystal guardian (Vaults:4)
  2 jiangshi
  2 great orbs of eyes
  A rakshasa (Depths:4)
  2 yaktaur captains (Vaults:3)
  A boulder beetle (Vaults:3)
  A spriggan air mage (Depths:5)
  4 two-headed ogres
  5 deep troll shamans
  A vampire mage (Depths:3)
  A spriggan (Depths:2)
  4 deep troll earth magi
  A spriggan berserker (Depths:2)
  2 iron trolls (Depths:5)
  5 deep trolls
  3 phantasmal warriors (Depths:3)
  5 ugly things
  A vault sentinel (Vaults:3)
  A spectral swamp worm (Depths:4)
  A yaktaur zombie (Vaults:4)
  2 yaktaurs
  A tengu conjurer (Depths:2)
  A troll (shapeshifter) (Vaults:4)
  A hornet (Depths:2)
  9 slime creatures
  2 flying skulls (Depths:3)
  A redback (Vaults:4)
  A boggart (Depths:1)
78 creatures vanquished.

Vanquished Creatures (others)
  A flying skull (Depths:3)
  An ogre (Vaults:5)
  4 killer bees
  An orc wizard (Vaults:3)
  371 fulminant prisms
  63 fungi
  203 plants
644 creatures vanquished.

Grand Total: 2929 creatures vanquished

Notes
Turn   | Place    | Note
-------+----------+-------------------------------------------
     0 | D:1      | uibert the Demonspawn Conjurer began the quest for the Orb.
     0 | D:1      | Reached XP level 1. HP: 13/13 MP: 3/3
   649 | D:1      | Gained mutation: You have large cloven feet. [demonic
                  | ancestry]
   649 | D:1      | Reached XP level 2. HP: 19/19 MP: 1/5
  1191 | D:1      | Reached skill level 5 in Conjurations
  1444 | D:1      | Gained mutation: When seriously injured, your bleeding
                  | wounds create armour. (AC +12) [demonic ancestry]
  1444 | D:1      | Reached XP level 3. HP: 24/24 MP: 6/6
  2079 | D:2      | Reached XP level 4. HP: 18/30 MP: 3/7
  2836 | D:3      | Reached skill level 6 in Conjurations
  2860 | D:3      | Learned a level 2 spell: Searing Ray
  3171 | D:3      | Found a blossoming altar of Fedhas.
  3756 | D:4      | Found a runed translucent door.
  3758 | D:4      | Found Tevvuthe's Jewellery Boutique.
  3760 | D:4      | Reached XP level 5. HP: 35/35 MP: 5/8
  3761 | D:4      | Noticed Demosthentine's ghost (novice FoFi)
  3842 | D:4      | Found Rasasaz's Antique Weapon Boutique.
  3892 | D:4      | Found Cuibyluyt's Antique Armour Boutique.
  3900 | D:4      | Found an iron altar of Okawaru.
  4056 | D:4      | Noticed Blork the orc
  4059 | D:4      | Reached skill level 7 in Conjurations
  4085 | D:4      | Killed Blork the orc
  4086 | D:4      | Reached XP level 6. HP: 9/41 MP: 2/9
  4337 | D:4      | Found Tolinogg's General Store.
  4550 | D:4      | Found a sparkling altar of Nemelex Xobeh.
  4564 | D:4      | Reached skill level 8 in Conjurations
  4652 | D:4      | Found a runed translucent door.
  4655 | D:4      | Found a burning altar of Makhleb.
  4659 | D:4      | Found Abeax's Armour Shoppe.
  4965 | D:5      | Entered Level 5 of the Dungeon
  5226 | D:5      | Reached XP level 7. HP: 46/46 MP: 4/10
  5422 | D:5      | Reached skill level 9 in Conjurations
  6192 | D:5      | Noticed Jessica
  6197 | D:5      | Killed Jessica
  6224 | D:5      | Found a shimmering blue altar of Sif Muna.
  6300 | D:5      | Reached skill level 10 in Conjurations
  6578 | D:6      | Noticed Pikel
  6592 | D:6      | Reached XP level 8. HP: 53/53 MP: 7/11
  6619 | D:6      | Killed Pikel
  6620 | D:6      | Reached skill level 1 in Fighting
  6620 | D:6      | Reached skill level 1 in Armour
  6620 | D:6      | Reached skill level 1 in Evocations
  6651 | D:6      | Found a runed translucent gate.
  6651 | D:6      | Found a runed translucent gate.
  6659 | D:6      | Found a runed translucent gate.
  6660 | D:6      | Noticed Clumpoid's ghost (novice VSFi)
  6678 | D:6      | Found a staircase to the Ecumenical Temple.
  6711 | D:6      | Found a hide-covered altar of Uskayaw.
  6712 | D:6      | Noticed a +0 hand axe
  6766 | D:6      | Noticed a +0 dagger
  7160 | D:6      | Noticed Eustachio
  7172 | D:6      | Killed Eustachio
  7173 | D:6      | Gained mutation: You have hoof-like feet. [demonic
                  | ancestry]
  7173 | D:6      | Reached XP level 9. HP: 62/62 MP: 6/13
  7314 | Temple   | Entered the Ecumenical Temple
  7558 | D:5      | Became a worshipper of Sif Muna the Loreminder
  7646 | D:6      | Noticed Menkaure
  7668 | D:6      | Killed Menkaure
  8630 | D:7      | Noticed a moth of wrath
  8646 | D:7      | Found a transporter.
  8647 | D:7      | Noticed bronco's ghost (novice TeFE)
  8659 | D:7      | Found a transporter.
  8689 | D:7      | Learned a level 4 spell: Iskenderun's Mystic Blast
  8749 | D:7      | Found a bloodstained altar of Trog.
  8752 | D:7      | Found a radiant altar of Vehumet.
  8784 | D:7      | Reached skill level 1 in Invocations
  9047 | D:7      | Found a basalt altar of Yredelemnul.
  9050 | D:7      | Found an opulent altar of Gozag.
  9062 | D:7      | Found a white marble altar of Elyvilon.
  9067 | D:7      | Found a broken altar of Ashenzari.
  9673 | D:8      | Noticed Joseph
  9730 | D:8      | Reached * piety under Sif Muna
  9863 | D:8      | Reached skill level 1 in Shields
 10135 | D:8      | Found a snail-covered altar of Cheibriados.
 10650 | D:8      | Reached XP level 10. HP: 51/72 MP: 7/16
 11016 | D:8      | Noticed a two-headed ogre
 11029 | D:8      | Killed a two-headed ogre
 11388 | D:8      | Killed Joseph
 11738 | D:9      | Reached ** piety under Sif Muna
 11945 | D:9      | Reached skill level 11 in Conjurations
 12156 | D:9      | Found Nocott's Gadget Shoppe.
 12189 | D:9      | Reached skill level 5 in Spellcasting
 12240 | D:9      | Found a runed translucent gate.
 12240 | D:9      | Found a runed translucent gate.
 12240 | D:9      | Found a runed translucent gate.
 12243 | D:9      | Noticed elmdor's ghost (novice MiWz)
 12246 | D:9      | Found a roughly hewn altar of Beogh.
 12269 | D:9      | Noticed Psyche
 12286 | D:9      | Killed Psyche
 12287 | D:9      | Reached skill level 5 in Fighting
 12302 | D:9      | Reached skill level 5 in Evocations
 12372 | D:9      | Found a white marble altar of Elyvilon.
 12693 | D:9      | Reached skill level 5 in Invocations
 12856 | D:9      | Reached skill level 5 in Dodging
 13164 | D:10     | Entered Level 10 of the Dungeon
 13283 | D:10     | Reached XP level 11. HP: 80/80 MP: 9/19
 13434 | D:10     | Reached *** piety under Sif Muna
 14000 | D:10     | Reached skill level 5 in Armour
 14029 | D:10     | Found Ceis's Book Shop.
 14381 | D:10     | Found Purpheff's Assorted Antiques.
 14386 | D:10     | Found Zoqo's Weapon Boutique.
 14388 | D:10     | Found Diob's Weapon Boutique.
 15179 | D:11     | Noticed gaul's ghost (journeyman DrIE)
 15355 | D:11     | Reached **** piety under Sif Muna
 15738 | D:11     | Reached skill level 1 in Hexes
 15908 | D:11     | Found a staircase to the Lair.
 16132 | D:11     | Found a runed translucent door.
 16242 | D:11     | Upgraded the game from 0.26-a0-1184-g95e395e029 to
                  | 0.26-a0-1191-ge2a0e31ab3
 16352 | D:12     | Found Simitas's General Store.
 16357 | D:12     | Bought a scroll of identify for 24 gold pieces
 16357 | D:12     | Bought a scroll of identify for 24 gold pieces
 16357 | D:12     | Bought a book of Power for 540 gold pieces
 16363 | D:12     | Learned a level 5 spell: Iskenderun's Battlesphere
 16401 | D:12     | Found a roughly hewn altar of Beogh.
 16413 | D:12     | Noticed Maurice
 16503 | D:12     | Found a flagged portal.
 16524 | Bailey   | Entered a bailey
 16630 | Bailey   | Learned a level 4 spell: Fulminant Prism
 17190 | Bailey   | Noticed an orc warlord
 17209 | Bailey   | Killed an orc warlord
 17267 | Bailey   | Reached ***** piety under Sif Muna
 17554 | Bailey   | Gained mutation: Your flesh is heat resistant. (rF+)
                  | [demonic ancestry]
 17554 | Bailey   | Reached XP level 12. HP: 88/88 MP: 9/22
 17579 | Bailey   | Identified Sif Muna's Reference Book on Companions (Sif
                  | Muna gifted it to you in a bailey)
 17579 | Bailey   | Received a gift from Sif Muna
 18181 | D:12     | Found a staircase to the Orcish Mines.
 18231 | D:12     | Got a heavily runed leather armour
 18248 | D:12     | Identified the +1 leather armour "Baemy" {Dex+2} (You found
                  | it on level 12 of the Dungeon)
 18954 | D:13     | Reached skill level 1 in Earth Magic
 19049 | D:13     | Found a portal to a secret trove of treasure.
 19302 | Lair:1   | Entered Level 1 of the Lair of Beasts
 19313 | Lair:1   | Reached skill level 1 in Summonings
 19333 | Lair:1   | Reached skill level 1 in Maces & Flails
 19658 | Lair:1   | Reached skill level 12 in Conjurations
 20101 | Lair:1   | Identified a scroll of acquirement
 20102 | Lair:1   | Acquired an uncursed staff of conjuration
 21028 | Lair:2   | Noticed a four-headed hydra
 21195 | Lair:2   | Noticed Nergalle
 21429 | Lair:2   | Reached skill level 1 in Staves
 21850 | Lair:2   | Killed a four-headed hydra
 22039 | Lair:2   | Killed Nergalle
 22040 | Lair:2   | Gained mutation: When seriously injured, your bleeding
                  | wounds create thick armour. (AC +12) [demonic ancestry]
 22040 | Lair:2   | Reached XP level 13. HP: 65/93 MP: 9/25
 24288 | Lair:3   | Got a steaming leather armour
 24306 | Lair:3   | Identified the +1 leather armour of Valiance {rN++ rCorr
                  | MP+9 Dex-4} (You found it on level 3 of the Lair of Beasts)
 24690 | Lair:3   | Found a staircase to the Snake Pit.
 24978 | Lair:3   | Identified Zearukum's Grimoire of Blistering Stones (Sif
                  | Muna gifted it to you on level 3 of the Lair of Beasts)
 24978 | Lair:3   | Received a gift from Sif Muna
 25332 | Lair:3   | Found a staircase to the Shoals.
 27159 | Lair:4   | Reached skill level 10 in Invocations
 27343 | Lair:4   | Noticed Kirke
 27852 | Lair:4   | Noticed a sphinx
 28616 | D:13     | Gained mutation: When hurt, damage is shared between your
                  | health and your magic reserves. [demonic ancestry]
 28616 | D:13     | Reached XP level 14. HP: 82/106 MP: 12/26
 28707 | D:13     | Acquired an uncursed staff of earth
 28881 | D:13     | Found a gate to the Vaults.
 28996 | D:12     | Killed Maurice
 29117 | Orc:1    | Entered Level 1 of the Orcish Mines
 29446 | Orc:2    | Entered Level 2 of the Orcish Mines
 29756 | Orc:2    | Paralysed by an orc sorcerer for 5 turns
 29765 | Orc:2    | Reached skill level 13 in Conjurations
 29875 | Orc:2    | Identified Suerof's Catalogue of the Destructive Birds (Sif
                  | Muna gifted it to you on level 2 of the Orcish Mines)
 29875 | Orc:2    | Received a gift from Sif Muna
 30239 | Orc:2    | Noticed a stone giant
 30319 | Orc:2    | Killed a stone giant
 30422 | Orc:2    | Found a staircase to the Elven Halls.
 31049 | Orc:2    | Reached skill level 5 in Hexes
 31175 | Orc:2    | Found Dig Goehe's Magic Scroll Shop.
 31175 | Orc:2    | Found Nupnof Ijin's Assorted Antiques.
 31342 | Orc:2    | Learned a level 5 spell: Bolt of Magma
 31424 | Orc:2    | Found a roughly hewn altar of Beogh.
 31460 | Orc:2    | Found Pachio's Distillery.
 31460 | Orc:2    | Found Asaifo's Jewellery Shoppe.
 31534 | Orc:2    | Bought a scroll of identify for 66 gold pieces
 31826 | Orc:1    | Reached skill level 5 in Earth Magic
 32330 | D:4      | Bought an uncursed amulet of magic regeneration for 360
                  | gold pieces
 32644 | D:13     | Noticed a tengu reaver
 32654 | D:13     | Killed a tengu reaver
 32815 | D:13     | Found the +2 robe of Vines {NoPotionHeal Regen+7}
 33247 | D:14     | Found a flickering gateway to a bazaar.
 33254 | Bazaar   | Entered a bazaar
 33289 | Bazaar   | Found Onwy's Assorted Antiques.
 33293 | Bazaar   | Found Kamoq's Magic Scroll Boutique.
 33293 | Bazaar   | Found Oneigh's Armour Boutique.
 33294 | Bazaar   | Found Taopul's Antique Weapon Boutique.
 33347 | Bazaar   | Bought a scroll of identify for 50 gold pieces
 33347 | Bazaar   | Bought a scroll of teleportation for 75 gold pieces
 33347 | Bazaar   | Bought a scroll of teleportation for 75 gold pieces
 33357 | Bazaar   | Bought a scroll of identify for 20 gold pieces
 33357 | Bazaar   | Bought a scroll of enchant weapon for 75 gold pieces
 33357 | Bazaar   | Bought 2 scrolls of enchant armour for 150 gold pieces
 33357 | Bazaar   | Bought a scroll of identify for 20 gold pieces
 33580 | D:14     | Identified Sif Muna's Papyrus of Feathery Attacks (Sif Muna
                  | gifted it to you on level 14 of the Dungeon)
 33580 | D:14     | Received a gift from Sif Muna
 34103 | Lair:4   | Killed Kirke
 34548 | Lair:5   | Learned a level 1 spell: Apportation
 34660 | Lair:5   | Reached skill level 10 in Fighting
 34660 | Lair:5   | Reached XP level 15. HP: 115/115 MP: 28/28
 34661 | Lair:5   | Reached XP level 16. HP: 122/122 MP: 29/29
 34841 | Lair:5   | Reached skill level 5 in Summonings
 35003 | Lair:6   | Entered Level 6 of the Lair of Beasts
 35541 | Lair:6   | Reached skill level 10 in Spellcasting
 35758 | Lair:6   | Gained mutation: You regenerate magic rapidly. [demonic
                  | ancestry]
 35758 | Lair:6   | Reached XP level 17. HP: 128/128 MP: 12/31
 36041 | Lair:6   | Reached skill level 14 in Conjurations
 36183 | Lair:6   | Found a runed translucent door.
 36206 | Lair:6   | Paralysed by a hornet for 2 turns
 36312 | Lair:6   | Reached skill level 10 in Earth Magic
 36610 | Lair:6   | Found a viscous altar of Jiyva.
 36610 | Lair:6   | Found a staircase to the Slime Pits.
 37330 | D:14     | Identified Sif Muna's Guide on Harmful Stolen Souls (Sif
                  | Muna gifted it to you on level 14 of the Dungeon)
 37330 | D:14     | Received a gift from Sif Muna
 38309 | D:15     | Entered Level 15 of the Dungeon
 38580 | D:15     | Identified Sif Muna's Catalogue of Poisonous Necromancy
                  | (Sif Muna gifted it to you on level 15 of the Dungeon)
 38580 | D:15     | Received a gift from Sif Muna
 38602 | D:15     | Learned a level 7 spell: Orb of Destruction
 38713 | Elf:1    | Entered Level 1 of the Elven Halls
 38763 | Elf:1    | Found a frozen archway.
 38772 | IceCv    | Entered an ice cave
 38957 | IceCv    | Reached skill level 15 in Conjurations
 39306 | Elf:1    | Noticed Frances
 39316 | Elf:1    | Killed Frances
 39317 | Elf:1    | Reached skill level 10 in Evocations
 40104 | Elf:2    | Learned a level 2 spell: Ensorcelled Hibernation
 40148 | Elf:2    | Upgraded the game from 0.26-a0-1191-ge2a0e31ab3 to
                  | 0.26-a0-1205-g4083c211ab
 40649 | Elf:2    | Gained mutation: When low on magic, you restore magic in
                  | place of health. [demonic ancestry]
 40649 | Elf:2    | Reached XP level 18. HP: 61/116 MP: 1/32
 40686 | Elf:2    | Identified Roxanne's Volume of Changing
 40686 | Elf:2    | Noticed Roxanne
 40731 | Elf:2    | Found a runed translucent gate.
 40731 | Elf:2    | Found a runed translucent gate.
 40731 | Elf:2    | Found a runed translucent gate.
 40908 | Elf:2    | Killed Roxanne
 40930 | Elf:2    | Learned a level 6 spell: Iron Shot
 41020 | Elf:2    | Reached skill level 16 in Conjurations
 41034 | Elf:2    | Received a gift from Sif Muna
 41866 | D:10     | Bought a scroll of identify for 72 gold pieces
 41866 | D:10     | Bought a scroll of identify for 72 gold pieces
 41866 | D:10     | Bought a scroll of identify for 72 gold pieces
 41866 | D:10     | Bought a scroll of identify for 72 gold pieces
 41866 | D:10     | Bought a scroll of identify for 72 gold pieces
 41971 | Lair:1   | Gained mutation: You have a pair of small antennae on your
                  | head. [potion of mutation]
 41971 | Lair:1   | Gained mutation: Your muscles are strong. (Str +2) [potion
                  | of mutation]
 41971 | Lair:1   | Gained mutation: You expend magic power (3 MP) to
                  | strengthen your wands. [potion of mutation]
 41971 | Lair:1   | Gained mutation: You possess an exceptional clarity of
                  | mind. [potion of mutation]
 41982 | Lair:1   | Lost mutation: Your muscles are strong. (Str +2) [potion of
                  | mutation]
 41982 | Lair:1   | Lost mutation: You expend magic power (3 MP) to strengthen
                  | your wands. [potion of mutation]
 41982 | Lair:1   | Lost mutation: You have a pair of small antennae on your
                  | head. [potion of mutation]
 41982 | Lair:1   | Gained mutation: You have hooves in place of feet. [potion
                  | of mutation]
 41982 | Lair:1   | Gained mutation: Your system is resistant to poisons.
                  | (rPois) [potion of mutation]
 41982 | Lair:1   | Gained mutation: You have very sharp teeth. [potion of
                  | mutation]
 41982 | Lair:1   | Gained mutation: You are agile. (Dex +2) [potion of
                  | mutation]
 42083 | Shoals:1 | Entered Level 1 of the Shoals
 43406 | D:15     | Identified Sif Muna's Incunabulum of Lethal Heat (Sif Muna
                  | gifted it to you on level 15 of the Dungeon)
 43406 | D:15     | Received a gift from Sif Muna
 43426 | D:15     | Found a staircase to the Depths.
 44083 | Snake:1  | Entered Level 1 of the Snake Pit
 44968 | Snake:1  | Found Otokez's Book Shop.
 45340 | Snake:2  | Found a transporter.
 45345 | Snake:2  | Noticed Gourul's ghost (journeyman BaIE)
 45433 | Snake:2  | Reached skill level 17 in Conjurations
 45673 | Snake:2  | Found a transporter.
 45878 | Snake:3  | Gained mutation: You are immune to clouds of flame.
                  | [demonic ancestry]
 45878 | Snake:3  | Reached XP level 19. HP: 124/140 MP: 16/33
 45915 | Snake:3  | Noticed Vashnia
 46427 | Snake:3  | Killed Vashnia
 46436 | Snake:3  | Identified Boexowix's Papyrus of the Ensnaring Rocks (Sif
                  | Muna gifted it to you on level 3 of the Snake Pit)
 46436 | Snake:3  | Received a gift from Sif Muna
 46875 | Snake:4  | Entered Level 4 of the Snake Pit
 47499 | Snake:4  | Identified Sif Muna's Grimoire of Quantum Malediction (Sif
                  | Muna gifted it to you on level 4 of the Snake Pit)
 47499 | Snake:4  | Received a gift from Sif Muna
 47767 | Snake:4  | Reached ****** piety under Sif Muna
 47809 | Snake:4  | Reached skill level 18 in Conjurations
 47983 | Snake:4  | Got a serpentine rune of Zot
 48248 | Snake:4  | Reached skill level 15 in Earth Magic
 48299 | Snake:4  | Mutation became permanent: You have hoof-like feet.
                  | [demonic ancestry]
 48299 | Snake:4  | Gained mutation: You have hooves in place of feet. [demonic
                  | ancestry]
 48299 | Snake:4  | Reached XP level 20. HP: 147/147 MP: 20/35
 48958 | Shoals:2 | Identified Sif Muna's Papyrus of Warped Combat Magic (Sif
                  | Muna gifted it to you on level 2 of the Shoals)
 48958 | Shoals:2 | Received a gift from Sif Muna
 49476 | Shoals:3 | Noticed Donald
 49484 | Shoals:3 | Killed Donald
 49985 | Shoals:4 | Entered Level 4 of the Shoals
 50127 | Shoals:4 | Received a gift from Sif Muna
 50204 | Shoals:4 | Noticed Polyphemus
 50237 | Shoals:4 | Killed Polyphemus
 50314 | Shoals:4 | Got a wavering ivory amulet
 50332 | Shoals:4 | Identified the amulet of the Bull {Reflect Str+5 Int+3
                  | SH+5} (You found it on level 4 of the Shoals)
 50580 | Shoals:4 | Reached skill level 19 in Conjurations
 50959 | Shoals:4 | Got a barnacled rune of Zot
 51257 | Lair:1   | Learned a level 8 spell: Lehudib's Crystal Spear
 51600 | Elf:3    | Entered Level 3 of the Elven Halls
 51600 | Elf:3    | Noticed Aizul
 51605 | Elf:3    | Killed Aizul
 51892 | Elf:3    | Found a radiant altar of Vehumet.
 51942 | Elf:3    | Got a warped ring mail
 51965 | Elf:3    | Identified the cursed +1 ring mail "Kaeff" {rPois rC++}
                  | (You found it on level 3 of the Elven Halls)
 52025 | Elf:3    | Received a gift from Sif Muna
 52136 | Elf:3    | Noticed Saint Roka
 52158 | Elf:3    | Killed Saint Roka
 52159 | Elf:3    | Gained mutation: Your demonic aura causes spilled blood to
                  | erupt in flames. [demonic ancestry]
 52159 | Elf:3    | Reached XP level 21. HP: 116/153 MP: 4/37
 52336 | Elf:3    | Identified the ring "Zeulirch" {*Contam rElec SInv Stlth-}
 52349 | Elf:3    | Identified the +3 broad axe of the Absolute Madman {drain,
                  | *Corrode +Rage rPois Dex+5}
 52353 | Elf:3    | Reached skill level 15 in Invocations
 52442 | Elf:3    | Identified the cursed +0 chain mail of Ihuos {rPois}
 52443 | Elf:3    | Identified the +5 rapier of the Twisting Gnat {antimagic,
                  | *Corrode Str+2 Dex+4}
 52560 | Elf:3    | Found the +7 pair of quick blades "Gyre" and "Gimble"
                  | {protect}
 53022 | Slime:1  | Entered Level 1 of the Pits of Slime
 53162 | Vaults:1 | Entered Level 1 of the Vaults
 53806 | Vaults:1 | Got a distressingly furry robe
 53817 | Vaults:1 | Identified the +1 robe of Zin's Castigation {rF- rN++ Will+
                  | Dex+5} (You found it on level 1 of the Vaults)
 54109 | Vaults:1 | Identified Sif Muna's Incunabulum of Creative Arcane
                  | Weapons (Sif Muna gifted it to you on level 1 of the
                  | Vaults)
 54109 | Vaults:1 | Received a gift from Sif Muna
 54564 | Vaults:1 | Found Zaysymen's Antique Weapon Shoppe.
 55039 | Vaults:2 | Reached skill level 20 in Conjurations
 55109 | Vaults:2 | Acquired 632 gold pieces
 55199 | Vaults:2 | Identified the cursed +1 chain mail of Weirdness {+Fly
                  | rElec rN+ Slay-6}
 55233 | Vaults:2 | Noticed Asterion
 55238 | Vaults:2 | Killed Asterion
 55251 | Vaults:2 | Identified Sif Muna's Incunabulum of Destructive Evil (Sif
                  | Muna gifted it to you on level 2 of the Vaults)
 55251 | Vaults:2 | Received a gift from Sif Muna
 56395 | Vaults:2 | Gained mutation: When seriously injured, your bleeding
                  | wounds create very thick armour. (AC +12) [demonic
                  | ancestry]
 56395 | Vaults:2 | Reached XP level 22. HP: 159/159 MP: 24/40
 56658 | Vaults:2 | Found a staircase to the Crypt.
 57054 | Vaults:3 | Identified Sif Muna's Guide on Noxious Ice (Sif Muna gifted
                  | it to you on level 3 of the Vaults)
 57054 | Vaults:3 | Received a gift from Sif Muna
 57650 | Vaults:3 | Found Neuklima's Armour Boutique.
 57715 | Vaults:3 | Reached skill level 15 in Spellcasting
 57733 | Vaults:3 | Identified Sif Muna's Almanac of Quantum Hexes (Sif Muna
                  | gifted it to you on level 3 of the Vaults)
 57733 | Vaults:3 | Received a gift from Sif Muna
 57758 | Vaults:3 | Learned a level 7 spell: Spellforged Servitor
 58269 | Vaults:4 | Found Plog's Jewellery Emporium.
 58276 | Vaults:4 | Bought the ring of Piddaeff {Dex+4 SInv} for 425 gold
                  | pieces
 59085 | Vaults:4 | Reached skill level 21 in Conjurations
 59085 | Vaults:4 | Gained mutation: You are robust. (+10% HP) [demonic
                  | ancestry]
 59085 | Vaults:4 | Reached XP level 23. HP: 161/183 MP: 11/42
 59096 | Vaults:4 | Identified Sif Muna's Collected Works on Calling and Ice
                  | (Sif Muna gifted it to you on level 4 of the Vaults)
 59096 | Vaults:4 | Received a gift from Sif Muna
 59677 | Depths:1 | Entered Level 1 of the Depths
 59748 | Depths:1 | You fall into a shaft and drop 1 floor!
 59748 | Depths:2 | Found a one-way gate leading to the halls of Pandemonium.
 59827 | Depths:1 | Found a gateway to Hell.
 59830 | Depths:1 | Found a runed translucent gate.
 59832 | Depths:1 | Found a runed translucent gate.
 59833 | Depths:1 | Found a runed translucent gate.
 59962 | Depths:1 | Identified Sif Muna's Disquisition on Clay and Calling (Sif
                  | Muna gifted it to you on level 1 of the Depths)
 59962 | Depths:1 | Received a gift from Sif Muna
 60666 | Depths:2 | Found a gateway to a ziggurat.
 60977 | Depths:2 | Identified Faof's Catalogue of Summoning and Malediction
                  | (Sif Muna gifted it to you on level 2 of the Depths)
 60977 | Depths:2 | Received a gift from Sif Muna
 61072 | Depths:2 | Identified the ring "Qeph" {Str+3 Slay+3 Stlth+}
 61119 | Depths:2 | Identified the amulet "Paiffoix" {RegenMP rPois rF+}
 61549 | Depths:2 | Identified the ring "Jaidi" {rPois rC+ Slay+4}
 61619 | Depths:2 | Identified the amulet of Zixo {RegenMP *Contam rPois Will+
                  | Str+4}
 61650 | Depths:2 | Got a steaming turquoise ring
 61665 | Depths:2 | Identified the ring of the Shimmering Coward {*Tele rPois}
                  | (You found it on level 2 of the Depths)
 62046 | Depths:3 | Gained mutation: You are very robust. (+20% HP) [demonic
                  | ancestry]
 62046 | Depths:3 | Reached XP level 24. HP: 167/216 MP: 30/43
 62171 | Depths:3 | You fall into a shaft and drop 1 floor!
 62215 | Depths:4 | Identified the ring of the Lobster {rElec rF+ Slay+3
                  | Stlth+}
 62235 | Depths:4 | Found a shadowy altar of Dithmenos.
 62237 | Depths:4 | Identified the cursed ring "Moet" {EV-4 Int+2}
 62301 | Depths:4 | Received a gift from Sif Muna
 62354 | Depths:4 | You fall into a shaft and drop 1 floor!
 62354 | Depths:5 | Entered Level 5 of the Depths
 62395 | Depths:5 | Noticed Frederick
 62413 | Depths:4 | Acquired 540 gold pieces
 62479 | Depths:4 | Found a one-way gate to the infinite horrors of the Abyss.
 62869 | D:4      | Bought the ring of No Interval {+Fly rPois rC++ Int+2 SInv}
                  | for 655 gold pieces
 62869 | D:4      | Bought an uncursed ring of wizardry for 360 gold pieces
 63604 | Depths:3 | Found a runed translucent gate.
 63604 | Depths:3 | Found a runed translucent gate.
 63604 | Depths:3 | Found a runed translucent gate.
 63724 | Depths:3 | Found a basalt altar of Yredelemnul.
 63761 | Depths:3 | Noticed Jory
 63766 | Depths:3 | Killed Jory
 63775 | Depths:3 | Identified the Disquisition on Gliding Shape Shifting
 63825 | Depths:3 | Received a gift from Sif Muna
 63830 | Depths:3 | Reached skill level 22 in Conjurations
 63953 | Depths:4 | Found Cisose's Commerce Corner.
 64587 | Depths:5 | Killed Frederick
 64799 | Depths:5 | Identified Ereshkigal's Volume of Sinister Rituals (Sif
                  | Muna gifted it to you on level 5 of the Depths)
 64799 | Depths:5 | Received a gift from Sif Muna
 64896 | Depths:5 | Found a gate to the Realm of Zot.
 64990 | Depths:5 | Reached XP level 25. HP: 203/228 MP: 16/44
 66119 | Vaults:5 | Entered Level 5 of the Vaults
 66123 | Vaults:5 | Noticed an ancient lich
 66134 | Vaults:5 | Killed an ancient lich
 66204 | Vaults:5 | Identified Sif Muna's Papyrus of the Glacier and Sinister
                  | Arts (Sif Muna gifted it to you on level 5 of the Vaults)
 66204 | Vaults:5 | Received a gift from Sif Muna
 66208 | Vaults:5 | HP: 8/230 [tentacled monstrosity (5)]
 66208 | Vaults:5 | Killed from afar by a frost giant

Illustrated notes

Levels and vault maps discovered:
D:1:      lemuel_arrival_rhombus, layout_basic, serial_aquarium,
          aquarium_bridge_square [aquarium_subvault_wall,
          aquarium_subvault_bridge, aquarium_subvault_balcony,
          aquarium_subvault_wall], aquarium_window_1, aquarium_window_corner,
          aquarium_view_2c, aquarium_view_2e
D:2:      layout_rooms
D:3:      layout_loops_ring, lemuel_crystal_altar
D:4:      layout_cave_pools, grunt_temple_overflow_open,
          kennysheep_okawaru_gauntlet, ebering_ghost_sewer_f, serial_shops,
          shop, nicolae_shop_waterfront, shop, nicolae_shop_crystal,
          shop_statue, uniq_blork_the_orc
D:5:      layout_rooms, tgw_sif
D:6:      layout_basic, dancing_weapons_uskayaw, minmay_temple_entry_mini_moons,
          ebering_ghost_rock_garden, cheibrodos_sewer_entry_bend, uniq_pikel,
          uniq_menkaure, uniq_eustachio
D:7:      layout_rooms, grunt_temple_overflow_cloverleaf,
          chequers_temple_overflow_statue_of_worship,
          gammafunk_ghost_berserking_beasts, kennysheep_cross_room
D:8:      layout_loops_corners, slow_altar_2, uniq_joseph
D:9:      kennysheep_ambush_hall, layout_gridville, biasface_ghost_orc_armoury,
          serial_shops, shop, elyvilon_altar_4, uniq_psyche
D:10:     layout_cave_pods, special_room [special_room_kobold], serial_shops,
          nicolae_shop_stone, shop, shop, kennysheep_mini, minmay_lizard_king
D:11:     layout_basic, grunt_lair_entry_orc_guard_hut,
          hellmonk_ghost_happy_afterlife, blue_anna_alchemist
          [blue_anna_fruit_fields, blue_anna_fruit_fields]
D:12:     minmay_weird_star, layout_small_grid, david_orc_5, enter_bailey_3,
          serial_shops, shop_fountains, uniq_maurice
D:13:     minmay_shrinking_squares, layout_basic, david_vaults_1, enter_trove_2
D:14:     hangedman_what_comes_after_a, layout_irregular_city, minivault_26,
          serial_shops, bzr_entry_customers, lightli_minifort
D:15:     grunt_enter_depths_giant_problem, layout_long_grid, eino_curves_03
Temple:   nicolae_temple_figure_zero
Lair:1:   layout_cave_pods, serial_bayou_ford_a, beast_lair_carwin_5,
          grunt_megastairs_5
Lair:2:   layout_chaotic_city, gauntlet_entry_generic, enter_volcano_3,
          uniq_nergalle
Lair:3:   layout_hall_layers, minmay_shoals_entry_hut, dummy_snake_entry,
          serial_bayou_shore_a, infiniplex_staircase_pool_2
Lair:4:   layout_gridlike, serial_rivers, chequers_serial_rivers_micro_e,
          chequers_serial_rivers_small_b, chequers_serial_rivers_small_3,
          chequers_serial_rivers_micro_b, chequers_serial_rivers_large_a,
          bh_autumn_forest_stairs, beast_lair_carwin_4, uniq_kirke
Lair:5:   layout_long_grid, nzn_sisyphean_effort
Lair:6:   wormcave, layout_gridlike, dpeg_slime_entry_enclosed_altar,
          st_stairs_6
Shoals:1: layout_shoals
Shoals:2: layout_shoals, nicolae_shoals_wave_tunnel
Shoals:3: layout_shoals, uniq_donald
Shoals:4: shoals_end_hangedman, layout_shoals, uniq_polyphemus
Snake:1:  layout_chambers, serial_shops, nicolae_shop_crystal
Snake:2:  layout_cave_shapes, gammafunk_ghost_berserking_beasts
Snake:3:  nicolae_snakescales, layout_gridlike, drop_trap, uniq_vashnia
Snake:4:  grunt_snake_rune_spirals, layout_concentric_octagons, drop_trap
Slime:1:  layout_caves
Orc:1:    layout_caves
Orc:2:    st_orc_town, layout_caves
Elf:1:    elf_arrival_001, layout_geoelf_diagonals,
          portal_ice_cave_entry_pillars_2, minmay_elf_crystal_hexagon,
          uniq_frances
Elf:2:    layout_geoelf_grid, special_room [special_room_orc], uniq_roxanne
Elf:3:    elf_hall_gauntlet_narrow, layout_rooms, basic_altar, uniq_aizul,
          uniq_saint_roka
Vaults:1: hangedman_vaults_snaps, vaults_room_hallway, v_misc_11, v_misc_4,
          ontoclasm_vaults_spin, ontoclasm_vaults_decontamination,
          layout_vaults_quadrants, serial_shops, shop_fountains
Vaults:2: nicolae_vaults_statue_guard, grunt_vaults_twisty, v_pattern_4,
          nicolae_vaults_shelves_hall, grunt_vaults_diagonal,
          minmay_crypt_entry_simple_walls, vaults_mumra_hex,
          vaults_room_semicircle, v_alt_pattern_6,
          nicolae_vaults_little_squares_6, nicolae_vaults_network_star,
          hangedman_vaults_nails, layout_vaults_big_cross, uniq_asterion
Vaults:3: nicolae_vaults_branching_niches, v_alt_pattern_2, v_rooms_1,
          dpeg_vaults_monster_box, v_misc_13, hangedman_vaults_slice,
          dpeg_vaults_monster_row, hangedman_vaults_corner,
          nicolae_vaults_ring_of_whatevers, layout_vaults_omnibox
Vaults:4: nicolae_vaults_ring_of_whatevers, vaults_room_boxed,
          ontoclasm_vaults_ring_square, hangedman_vaults_corner_blocks,
          hangedman_vaults_slither, vaults_room_stairs_pillars,
          vaults_mumra_hexcomb, v_alt_pattern_1, vaults_room_hallway,
          vaults_room_stairs_pillars, hangedman_vaults_hat, vaults_room_fours,
          layout_vaults_ring, serial_shops, shop
Vaults:5: serial_shops
Depths:1: layout_forbidden_donut, chequers_serial_rivers_micro_b, hell_entry,
          minmay_misc_feat_five, pandoras_box_mu, minmay_shop_grove,
          grunt_megastairs_1
Depths:2: minmay_the_grid_triangle_9x9_rhombus_thin
          [minmay_the_grid_triangle_9x9_odd_lines,
          minmay_the_grid_triangle_9x9_prize_special,
          minmay_the_grid_triangle_9x9_stretched_checkered,
          minmay_the_grid_triangle_9x9_checkered], layout_cave_shapes,
          enter_ziggurat_a, pan_entry, hex_tiny, lightli_too_deep,
          infiniplex_staircase_river, grunt_megastairs_2
Depths:3: lemuel_vampire_tower, layout_cave_pools,
          hangedman_decor_diamond_cutter, hell_entry,
          ploomutoo_gammafunk_ghost_potion_laboratory, pan_entry,
          infiniplex_staircase_pillars_1
Depths:4: regret_index_dithmenos_brocken_genspenst, layout_cave_pools,
          abyss_entry, pf_hell_entry_tar_river, nrook_mini_backslash,
          nicolae_alphabet_shops, minivault_21
Depths:5: evilmike_zot_entry_diamond, layout_cave_shapes, hell_entry,
          eino_tiny_chamber, uniq_frederick

Skill      XL: |  1  2  3  4  5  6  7  8  9 10 11 12 13 14 15 16 17 18 19 20 21 22 23 24 25 |
---------------+----------------------------------------------------------------------------+-----
Conjurations   | 5 6 7 8 10 11 12 13 15 17 18 19 20 21 22 | 22.5
Fighting       | 2 4 5 6 7 8 10 12 13 14 | 14.3
Armour         | 2 3 4 5 |  5.0
Dodging        | 3 4 5 6 7 8 |  8.0
Evocations     | 2 4 5 6 7 8 10 | 10.0
Spellcasting   | 3 4 5 7 8 9 10 11 12 14 15 16 17 | 17.3
Invocations    | 3 5 6 8 10 11 13 14 15 16 17 18 | 18.7
Shields        | 1 3 4 |  4.0
Hexes          | 2 3 4 5 6 |  6.0
Earth Magic    | 2 4 7 8 9 12 13 15 16 17 18 19 | 19.7
Summonings     | 2 3 4 5 |  5.0
Maces & Flails | 1 |  1.4
Staves         | 1 2 |  2.2
Stealth        | |  1.7

Action                   |  1- 3 |  4- 6 |  7- 9 | 10-12 | 13-15 | 16-18 | 19-21 | 22-24 | 25-27 || total
-------------------------+-------+-------+-------+-------+-------+-------+-------+-------+-------++-------
Melee: Dagger            |   102 |     2 |       |       |       |       |       |       |       ||   104
       Kick              |    20 |     8 |    15 |    45 |    19 |     9 |     2 |     8 |       ||   126
       Short sword       |       |    44 |    12 |       |       |       |       |       |       ||    56
       Whip              |       |       |    71 |   132 |       |       |       |       |       ||   203
       Morningstar       |       |       |       |    42 |       |       |       |       |       ||    42
       Staff             |       |       |       |     6 |    57 |    20 |    12 |    17 |       ||   112
       Unarmed           |       |       |       |     6 |       |       |       |       |       ||     6
       Bite              |       |       |       |       |       |       |       |     3 |       ||     3
 Cast: Magic Dart        |    48 |    56 |    43 |   124 |   174 |   411 |   210 |   153 |       ||  1219
       Searing Ray       |       |    27 |    74 |   185 |   100 |    69 |       |       |       ||   455
       Fulminant Prism   |       |       |       |    16 |    82 |   133 |   115 |    39 |       ||   385
       Iskenderun's Myst |       |       |       |    14 |    47 |    67 |    36 |    41 |    31 ||   236
       Iskenderun's Batt |       |       |       |    40 |   119 |     1 |       |       |       ||   160
       Bolt of Magma     |       |       |       |       |       |    96 |    18 |    11 |       ||   125
       Iron Shot         |       |       |       |       |       |   137 |   167 |   142 |       ||   446
       Orb of Destructio |       |       |       |       |       |     7 |   378 |   126 |    12 ||   523
       Lehudib's Crystal |       |       |       |       |       |       |    37 |   314 |     1 ||   352
       Spellforged Servi |       |       |       |       |       |       |       |    66 |     4 ||    70
Evoke: Wand              |       |       |     1 |    11 |       |       |       |       |       ||    12
  Use: Scroll            |       |       |     1 |    16 |    11 |    12 |     9 |     7 |     1 ||    57
       Potion            |       |       |       |       |     2 |     2 |       |       |       ||     4
 Stab: Sleeping          |     1 |       |       |       |       |       |       |       |       ||     1
       Confused          |       |       |       |     1 |       |       |       |       |       ||     1
Armor: Robe              |    46 |    32 |    45 |     2 |     2 |    66 |    59 |    54 |     8 ||   314
       Troll leather arm |       |       |       |   124 |    43 |       |       |       |       ||   167
       Skin              |       |       |       |     2 |       |       |       |       |       ||     2
Dodge: Dodged            |   106 |    46 |    78 |   245 |    86 |   179 |   178 |   149 |    15 ||  1082
Block: Buckler           |       |       |     7 |    80 |    60 |    50 |    44 |    52 |    11 ||   304
       Reflection        |       |       |       |       |     3 |       |       |       |       ||     3

Table legend: (Time is in decaauts)
 A = Elapsed time spent in this place.
 B = Non-inter-level travel time spent in this place.
 C = Inter-level travel time spent in this place.
 D = Time resting spent in this place.
 E = Time spent auto-exploring this place.
 F = Levels seen in this place.
 G = Mean time per level.
                   A        B        C        D        E       F      G
               +--------+--------+--------+--------+--------+-----+--------+
         Total |  66880 |  46088 |  20792 |  12594 |  13777 |  49 | 1364.9 |
       Dungeon |  23771 |  16291 |   7480 |   5551 |   5141 |  15 | 1584.7 |
        Temple |    122 |    108 |     14 |      0 |    107 |   1 |  122.0 |
          Lair |  13481 |   8814 |   4667 |   3928 |   1688 |   6 | 2246.8 |
        Shoals |   3772 |   1739 |   2033 |    207 |    445 |   4 |  943.0 |
     Snake Pit |   4711 |   3123 |   1588 |     89 |   1042 |   4 | 1177.8 |
    Slime Pits |      3 |      1 |      2 |      0 |      0 |   1 |    3.0 |
  Orcish Mines |   3222 |   2351 |    871 |   1400 |    343 |   2 | 1611.0 |
   Elven Halls |   3825 |   2660 |   1165 |    191 |    645 |   3 | 1275.0 |
        Vaults |   6451 |   4615 |   1836 |    103 |   1937 |   5 | 1290.2 |
        Depths |   5392 |   4260 |   1132 |    213 |   2295 |   5 | 1078.4 |
        Bazaar |    159 |    159 |      0 |     33 |      0 |   1 |  159.0 |
        Bailey |   1555 |   1555 |      0 |    750 |    134 |   1 | 1555.0 |
      Ice Cave |    408 |    408 |      0 |    128 |      0 |   1 |  408.0 |
               +--------+--------+--------+--------+--------+-----+--------+

Top non-repeatable levels by time:
  Lair:1: 4052 daAuts
  Lair:3: 2781 daAuts
    D:10: 2236 daAuts
    D:13: 2165 daAuts
  Lair:4: 2102 daAuts
     D:8: 2006 daAuts
Vaults:1: 1926 daAuts
     D:1: 1894 daAuts
 Snake:4: 1879 daAuts
     D:6: 1830 daAuts
   Orc:2: 1693 daAuts
    D:12: 1689 daAuts
  Lair:2: 1685 daAuts
Vaults:2: 1666 daAuts
    D:11: 1649 daAuts
